 Dungeon Crawl Stone Soup version 0.19.5 (webtiles) character file.

13978 kkarme the Covert (level 11, 0/77 HPs)
             Began as a Demonspawn Assassin on Apr 18, 2017.
             Was a Priest of Nemelex Xobeh.
             Slain by a fire crab (shapeshifter) (11 damage)
             ... on level 2 of the Lair of Beasts on Apr 22, 2017.
             The game lasted 03:38:19 (15740 turns).

kkarme the Covert (Demonspawn Assassin)            Turns: 15740, Time: 03:38:20

Health: 0/77       AC: 11    Str: 14    XL:     11   Next: 82%
Magic:  13/13      EV: 17    Int: 12    God:    Nemelex Xobeh [***...]
Gold:   789        SH:  0    Dex: 16    Spells: 1 memorised, 9 levels left

rFire  + . .     SeeInvis +     a - +4 dagger (chaos)
rCold  + . .     Gourm    .     L - +3 leather armour {rC+}
rNeg   . . .     Faith    .     (no shield)
rPois  .         Spirit   .     (helmet restricted)
rElec  .         Reflect  .     u - +0 cloak {+Inv}
rCorr  .         Harm     .     D - +0 pair of gloves
MR     .....                    k - +1 pair of boots
Stlth  +++++.....               (no amulet)
                                q - ring of see invisible
                                X - ring of stealth

@: about to teleport
A: antennae 2, claws 1, talons 1, demonic guardian 1, fire resistance 1, frail
1, powered by death 1, screaming 1
a: Triple Draw, Renounce Religion, Evoke Invisibility


You were on level 2 of the Lair of Beasts.
You worshipped Nemelex Xobeh.
Nemelex Xobeh was most pleased with you.
You were not hungry.

You visited 5 branches of the dungeon, and saw 17 of its levels.
You also visited: Ice Cave.

You collected 866 gold pieces.
You spent 77 gold pieces at shops.

Inventory:

Hand Weapons
 a - a +4 dagger of chaos (weapon)
 b - a +0 blowgun
 r - a +2 whip of venom
 C - a +2 dagger of draining
 J - the +4 hand axe of the Firefly {chop, *Corrode rPois rC+}
   (You found it on level 4 of the Dungeon)

   It inflicts extra damage upon your enemies.
   It protects you from cold.
   It protects you from poison.
   It may corrode you when you take damage.
 T - a +4 quarterstaff of chaos
Missiles
 e - 18 poisoned needles
 f - 2 curare-tipped needles
Armour
 k - a +1 pair of boots (worn)
 u - a +0 cloak of invisibility (worn)
 D - a +0 pair of gloves (worn)
 I - a +1 robe of the Archmagi
 L - a +3 leather armour of cold resistance (worn)
Magical Staves
 P - an uncursed staff of summoning
Jewellery
 j - an uncursed amulet of rage
 q - a ring of see invisible (right hand)
 s - an uncursed ring of positive energy
 B - an uncursed ring of ice
 X - a ring of stealth (left hand)
Wands
 c - a wand of acid (4/15)
 d - a wand of disintegration (4/24)
 h - a wand of hasting (2/9)
 y - a wand of confusion (11/48)
 R - a wand of paralysis (2/24)
 V - a wand of polymorph (10/24)
Scrolls
 g - 4 scrolls of fear
 i - 2 scrolls of fog
 n - 5 scrolls of remove curse
 t - 2 scrolls of teleportation
 A - 3 scrolls of enchant weapon {unknown}
 H - 2 scrolls of random uselessness {unknown}
 M - a scroll of magic mapping {unknown}
 N - a scroll of immolation {unknown}
 U - 2 scrolls of enchant armour {unknown}
 Y - 2 scrolls of amnesia {unknown}
Potions
 p - 5 potions of flight
 z - 2 potions of magic
 E - a potion of brilliance
 Q - a potion of might
Books
 F - a book of Cantrips

   Spells                             Type                      Level
   a - Confusing Touch                Hexes                        1
   b - Animate Skeleton               Necromancy                   1
   c - Summon Small Mammal            Summoning                    1
   d - Apportation                    Translocation                1
 S - a book of Minor Magic

   Spells                             Type                      Level
   a - Magic Dart                     Conjuration                  1
   b - Blink                          Translocation                2
   c - Call Imp                       Summoning                    2
   d - Repel Missiles                 Charms/Air                   2
   e - Slow                           Hexes                        2
   f - Conjure Flame                  Conjuration/Fire             3
   g - Mephitic Cloud                 Conjuration/Poison/Air       3
Miscellaneous
 m - a plain deck of destruction {drawn: 2}
 o - a plain deck of escape {drawn: 1}
 O - a plain deck of escape {drawn: 4}
 Z - a legendary deck of summoning {drawn: 6}
Comestibles
 v - 2 chunks of flesh
 w - a beef jerky
 G - 4 slices of pizza
 K - 3 bread rations
 W - 6 fruits


   Skills:
 + Level 7.9 Fighting
 + Level 9.0 Short Blades
 + Level 1.5 Axes
 + Level 4.5 Throwing
 + Level 5.2 Armour
 + Level 7.7 Dodging
 + Level 9.5 Stealth
   Level 0.1 Shields
 + Level 2.5 Invocations
 + Level 3.4 Evocations


You had 9 spell levels left.
You knew the following spells:

 Your Spells              Type           Power        Failure   Level  Hunger
a - Confusing Touch       Hex            #.....       38%         1    ##.....


Dungeon Overview and Level Annotations

Branches:
Dungeon (10/15)            Temple (1/1) D:4            Lair (3/6) D:9
  Snake (1/4) Lair:2          Orc (2/2) D:9
  Swamp: Lair:2-4    Shoals: Lair:2-4       Elf: Orc:2

Altars:
Ashenzari
Cheibriados
Dithmenos
Elyvilon
Fedhas
Gozag
Hepliaklqana
Kikubaaqudgha
Makhleb
Nemelex Xobeh
Okawaru
Ru
Sif Muna
Trog
Uskayaw
Vehumet
Xom
Yredelemnul
Zin
The Shining One
Beogh

Shops:
D:5 *

Annotations:
D:5 Thael's ghost, novice OpAs
D:10 McKennaii's ghost, journeyman HEAE


Innate Abilities, Weirdness & Mutations

You have a pair of antennae on your head.
You have sharp fingernails.
You have sharp toenails.
A weak demonic guardian rushes to your aid.
You regenerate a little health from kills.
Your flesh is heat resistant. (rF+)
You are frail. (-10% HP)
You occasionally shout uncontrollably at your foes.


Message History

The fire crab is heavily wounded.
The yak gores your quasit!
Your quasit dies!
The fire crab bites you!
You are engulfed in flames.
You resist. The fire crab closely misses you. The yak gores you!
* * * LOW HITPOINT WARNING * * *
Evoke which item? (* to show all) (? for menu, Esc to quit)
You draw a card...
It is Velocity.
The yak seems to slow down.
The fire crab seems to slow down.
The fire crab bites you.
* * * LOW HITPOINT WARNING * * *
You are engulfed in flames.
You resist.
* * * LOW HITPOINT WARNING * * *
The fire crab completely misses you. The yak gores you.
* * * LOW HITPOINT WARNING * * *
Evoke which item? (* to show all) (? for menu, Esc to quit)
You draw a card...
It is the Pentagram.
As you read the scroll of teleportation, it crumbles to dust.
You feel strangely unstable. The fire crab bites you!
You die...
Your body glows with a rainbow of weird colours and disappears.

#### ############ #######
#..#####.PP..##.#P###.#...###
................@Y..........#
...............tPPR.#.#....##
....####...###.#.3.........##
....## #P.## #.#............#
.....####..# #.#...........##
....#.#....###.P.......#.YY##
...............P..........>.#
.....##....###.P.......P.Y.##
.....####.###..P.......#5...#


You could see a fire crab shaped shifter, a yak, a friendly rakshasa and a
friendly sun demon.

Vanquished Creatures
  The ghost of deszczowiec the Basher, a novice DDFi of Makhleb (D:8)
  An elephant (D:9)
  A black mamba (Lair:2)
  Joseph (D:7)
  A spiny frog (D:9)
  2 trolls
  5 polar bears (IceCv)
  A blink frog (Lair:3)
  2 hippogriffs
  15 yaks
  A wyvern (D:8)
  A human (D:9)
  2 hungry ghosts
  3 hogs (D:9)
  2 wargs (Orc:1)
  7 water moccasins
  2 porcupines
  Duvessa (D:7)
  2 phantoms (D:6)
  6 sky beasts
  2 black bears (D:9)
  6 orc warriors
  6 ogres
  A centaur (D:9)
  3 wolves (IceCv)
  2 crocodiles
  2 big kobolds
  Blork the orc (D:4)
  A wyvern zombie (D:9)
  3 bullfrogs
  A water moccasin zombie (D:9)
  Dowan (D:7)
  A scorpion (D:7)
  4 killer bees (D:7)
  A wight (D:9)
  A howler monkey (D:4)
  2 crimson imps
  A quasit (D:9)
  A bullfrog zombie (D:10)
  A centaur skeleton (D:10)
  A centaur zombie (D:5)
  7 hounds
  6 orc wizards
  2 jellies
  5 orc priests
  Crazy Yiuf (D:7)
  A gnoll shaman (D:7)
  Jessica (D:3)
  3 iguanas
  Ijyb (D:3)
  6 worker ants
  2 killer bee zombies
  2 worker ant zombies (D:9)
  Robin (D:2)
  A howler monkey zombie (D:9)
  9 adders
  5 gnolls
  3 howler monkey skeletons
  2 shadow imps
  9 white imps (Lair:2)
  An ooze (D:3)
  3 adder zombies
  An adder skeleton (D:6)
  2 worms
  4 dart slugs
  3 leopard geckos
  28 orcs
  7 bats
  10 giant cockroaches
  15 goblins
  10 hobgoblins
  20 jackals
  15 kobolds
  4 quokkas
  4 ball pythons
  7 frilled lizards
  A jackal skeleton (D:8)
  A quokka skeleton (D:5)
  A quokka zombie (D:8)
  9 rats
  6 fungi
  2 plants
320 creatures vanquished.

Vanquished Creatures (collateral kills)
  An orc knight (D:9)
  Psyche (D:8)
  A polar bear (IceCv)
  2 blink frogs (Lair:3)
  3 yaks (Lair:3)
  A basilisk (Lair:2)
  A warg (D:9)
  3 water moccasins (Lair:2)
  2 orc warriors
  A crocodile (Lair:3)
  2 bullfrogs
  A killer bee (D:7)
  A hound (D:10)
  An orc priest (D:9)
  2 orc wizards (D:8)
  2 adders (Lair:2)
  3 white imps (Lair:2)
  2 orcs (D:8)
  A fungus (Lair:2)
  A plant (Lair:2)
32 creatures vanquished.

Vanquished Creatures (others)
  Eustachio (D:4)
  A worm (D:4)
2 creatures vanquished.

Grand Total: 354 creatures vanquished

Notes
Turn   | Place    | Note
-------+----------+-------------------------------------------
     0 | D:1      | kkarme the Demonspawn Assassin began the quest for the Orb.
     0 | D:1      | Reached XP level 1. HP: 16/16 MP: 1/1
    73 | D:1      | Reached skill level 1 in Dodging
   442 | D:1      | Gained mutation: You regenerate a little health from kills. [demonic ancestry]
   442 | D:1      | Reached XP level 2. HP: 21/22 MP: 2/2
   659 | D:1      | Reached XP level 3. HP: 24/27 MP: 3/3
  1573 | D:3      | Noticed Robin
  1642 | D:2      | Killed Robin
  1642 | D:2      | Gained mutation: You have a pair of small antennae on your head. [demonic ancestry]
  1642 | D:2      | Reached XP level 4. HP: 30/33 MP: 4/4
  2323 | D:5      | Entered Level 5 of the Dungeon
  2489 | D:3      | Noticed Jessica
  2511 | D:4      | Noticed Blork the orc
  2529 | D:4      | Killed Blork the orc
  2529 | D:4      | Gained mutation: You have sharp toenails. [demonic ancestry]
  2529 | D:4      | Reached XP level 5. HP: 11/39 MP: 5/5
  2875 | D:4      | Noticed Eustachio
  3177 | D:3      | Reached XP level 6. HP: 46/46 MP: 6/6
  3594 | D:3      | Noticed Ijyb
  3596 | D:3      | Killed Ijyb
  3596 | D:3      | Reached skill level 5 in Stealth
  3596 | D:3      | Reached skill level 1 in Evocations
  3750 | D:3      | Killed Jessica
  3830 | D:3      | Found a burning altar of Makhleb.
  3830 | D:3      | Noticed a green death
  3834 | D:3      | Noticed a ynoxinul
  3834 | D:3      | Noticed a neqoxec
  4203 | D:5      | Noticed Thael's ghost (novice OpAs)
  4449 | D:4      | Noticed a hungry ghost
  4474 | D:4      | Got a steaming hand axe
  4475 | D:4      | Identified the +4 hand axe of the Firefly {chop, *Corrode rPois rC+} (You found it on level 4 of the Dungeon)
  4689 | D:5      | Reached XP level 7. HP: 22/52 MP: 7/7
  4838 | D:5      | Found Mioris's General Store.
  4850 | D:5      | Bought a beef jerky for 21 gold pieces
  4850 | D:5      | Bought a potion of brilliance for 56 gold pieces
  5401 | D:4      | Reached skill level 1 in Axes
  5451 | D:4      | Killed Eustachio
  5456 | D:4      | Found a staircase to the Ecumenical Temple.
  5469 | Temple   | Entered the Ecumenical Temple
  5542 | Temple   | Became a worshipper of Nemelex Xobeh the Trickster
  5642 | D:4      | Received a gift from Nemelex Xobeh
  5824 | D:4      | Killed a hungry ghost
  6173 | D:6      | Reached skill level 1 in Armour
  6351 | D:6      | Gained mutation: You have a pair of antennae on your head. [demonic ancestry]
  6351 | D:6      | Reached XP level 8. HP: 56/60 MP: 8/8
  6605 | D:6      | Reached skill level 5 in Short Blades
  6686 | D:7      | Found a runed door.
  6690 | D:7      | Noticed Crazy Yiuf
  6702 | D:7      | Killed Crazy Yiuf
  6730 | D:7      | Noticed Joseph
  6737 | D:7      | You fall through a shaft!
  6840 | D:8      | Noticed Psyche
  7056 | D:7      | Received a gift from Nemelex Xobeh
  7171 | D:8      | Reached skill level 5 in Fighting
  7283 | D:7      | Killed Joseph
  7283 | D:7      | Reached XP level 9. HP: 61/68 MP: 10/10
  7364 | D:7      | Noticed Duvessa
  7365 | D:7      | Noticed Dowan
  7389 | D:7      | Killed Duvessa
  7399 | D:7      | Killed Dowan
  7480 | D:7      | Reached * piety under Nemelex Xobeh
  8184 | D:7      | Reached skill level 5 in Dodging
  8504 | D:8      | Noticed deszczowiec's ghost (novice DDFi)
  8565 | D:8      | Killed deszczowiec's ghost
  8734 | D:8      | Received a gift from Nemelex Xobeh
  8885 | D:9      | Gained mutation: A weak demonic guardian rushes to your aid. [demonic ancestry]
  8885 | D:9      | Reached XP level 10. HP: 71/76 MP: 11/11
  8983 | D:9      | Found a staircase to the Lair.
  8983 | D:9      | Noticed an elephant
  9254 | D:9      | Found a staircase to the Orcish Mines.
  9321 | D:9      | Found a roughly hewn altar of Beogh.
  9366 | Orc:1    | Entered Level 1 of the Orcish Mines
  9368 | Orc:1    | Noticed an orc knight
  9431 | D:9      | Reached ** piety under Nemelex Xobeh
  9487 | D:10     | Entered Level 10 of the Dungeon
  9612 | D:9      | Reached skill level 1 in Invocations
  9846 | D:9      | Received a gift from Nemelex Xobeh
 10111 | D:8      | Killed Psyche
 10443 | D:9      | Killed an elephant
 10558 | Lair:1   | Entered Level 1 of the Lair of Beasts
 10754 | D:9      | Noticed a spiny frog
 10776 | D:9      | Killed a spiny frog
 11632 | D:10     | Noticed McKennaii's ghost (journeyman HEAE)
 11887 | D:9      | Gained mutation: You have sharp fingernails. [demonic ancestry]
 11887 | D:9      | Reached XP level 11. HP: 31/83 MP: 12/12
 11966 | D:10     | Gained mutation: You are frail. (-10% HP) [potion of mutation]
 11966 | D:10     | Gained mutation: You occasionally shout uncontrollably at your foes. [potion of mutation]
 11966 | D:10     | Gained mutation: Your flesh is heat resistant. (rF+) [potion of mutation]
 12381 | D:9      | Killed an orc knight
 12991 | Orc:2    | Entered Level 2 of the Orcish Mines
 13745 | Orc:2    | Noticed an ogre mage
 14087 | Lair:2   | Found a staircase to the Snake Pit.
 14119 | Snake:1  | Entered Level 1 of the Snake Pit
 14119 | Snake:1  | Noticed a naga warrior
 14156 | Lair:2   | Reached *** piety under Nemelex Xobeh
 14235 | Lair:2   | Found a frozen archway.
 14264 | IceCv    | Entered an ice cave
 14745 | IceCv    | Reached skill level 5 in Armour
 14846 | IceCv    | Learned a level 1 spell: Confusing Touch
 14922 | Lair:2   | Received a gift from Nemelex Xobeh
 15006 | Lair:2   | Received a gift from Nemelex Xobeh
 15282 | Lair:2   | Noticed a four-headed hydra
 15736 | Lair:2   | Noticed a fire crab
 15736 | Lair:2   | a yak changed into a fire crab
 15740 | Lair:2   | Slain by a fire crab (shapeshifter)

Skill      XL: |  1  2  3  4  5  6  7  8  9 10 11 |
---------------+----------------------------------+-----
Dodging        | 1 2 3 4 6 7 |  7.7
Short Blades   | 2 3 4 5 7 8 9 |  9.0
Stealth        | 4 5 6 8 9 |  9.5
Throwing       | 2 3 4 |  4.5
Fighting       | 3 4 5 6 7 |  7.9
Evocations     | 1 2 3 |  3.4
Axes           | 1 |  1.5
Armour         | 1 3 4 5 |  5.2
Invocations    | 1 2 |  2.5
Shields        | |  0.1

Action                   |  1- 3 |  4- 6 |  7- 9 | 10-12 || total
-------------------------+-------+-------+-------+-------++-------
Melee: Dagger            |   137 |   236 |   502 |   916 ||  1791
       Hand axe          |       |    13 |    11 |       ||    24
 Fire: Blowgun           |     1 |    11 |    25 |    19 ||    56
 Abil: Evoke Invisibilit |       |       |     1 |       ||     1
Evoke: Wand              |     1 |     6 |     1 |    28 ||    36
       Deck              |       |       |     4 |    14 ||    18
       Box of beasts     |       |       |       |     2 ||     2
  Use: Scroll            |     2 |     3 |    12 |    11 ||    28
       Potion            |     2 |     3 |     1 |     8 ||    14
 Stab: Sleeping          |    11 |     9 |    15 |    14 ||    49
       Distracted        |       |     1 |     1 |     6 ||     8
       Invisible         |       |       |     1 |       ||     1
       Paralysed         |       |       |     2 |     7 ||     9
       Petrifying        |       |       |       |     9 ||     9
       Confused          |       |       |       |     5 ||     5
       Petrified         |       |       |       |     1 ||     1
  Eat: Bread ration      |     1 |       |     3 |     1 ||     5
       Pizza             |       |     1 |     1 |     3 ||     5
       Meat ration       |       |     1 |     4 |       ||     5
       Chunk             |       |     1 |     1 |     8 ||    10
       Beef jerky        |       |       |     2 |     2 ||     4
       Fruit             |       |       |     1 |     3 ||     4
Armor: Robe              |    40 |    51 |     3 |       ||    94
       Skin              |       |     2 |       |       ||     2
       Leather armour    |       |       |   111 |   178 ||   289
Dodge: Dodged            |    93 |   125 |   253 |   457 ||   928
Block: Shield            |     1 |       |       |       ||     1
